AoeStats
← KaLong

Arena

508313070Analyzed
4v4 RM · 11d ago on Sep 21, 2026· 49m 40s· 8 players
Game mode
Random Map
Map size
Large (8 player)
Population
200
Speed
Normal
Resources
Standard
Victory
Conquest
Starting age
Dark Age
Ending age
Imperial Age
RankedLock teamsTeams togetherTeam positionsShared explorationLock speedFull tech treeHidden civsTurbo modeCheats
Victory
Defeat
🇫🇮 Georgians · Finland
1361
+21
🇨🇭 Gurjaras · Switzerland
1356
+21
🇦🇷 Burgundians · Argentina
1354
+21
🇺🇸 Inca · United States
1339
+22
🇺🇸 Turks · United States
1548
-23
🇧🇷 Hindustanis · Brazil
1488
-22
🇨🇦 Mongols · Canada
1471
-21
🇲🇽 Malay · Mexico
1405
-19
Schvank
11:00 Feudal Age
14:29 Castle Age
12:44 Double-Bit Axe
15:39 Bow Saw
20:32 Wheelbarrow
19:46 Loom
20:16 Stone Mining
23:49 Stone Shaft Mining
23:10 Gold Mining
23:47 Hand Cart
23:49 Horse Collar
25:15 Gold Shaft Mining
28:52 Imperial Age
26:25 Fletching
27:01 Padded Archer Armor
27:15 Bodkin Arrow
30:07 Bracer
30:22 Leather Archer Armor
30:32 Ballistics
31:13 Chemistry
31:08 Conscription
30:57 Heavy Plow
31:38 Elite Mangudai
33:47 Parthian Tactics
33:28 Thumb Ring
33:35 Bloodlines
33:25 Husbandry
34:20 Light Cavalry
35:06 Scale Barding Armor
35:03 Capped Ram
36:33 Siege Ram
37:53 Drill
43:07 Chain Barding Armor
42:57 Forging
42:08 Hussar
[GDL] ColimoteStudioS
11:32 Feudal Age
11:56 Double-Bit Axe
11:52 Horse Collar
16:52 Castle Age
20:43 Forging
22:43 Iron Casting
22:50 Town Watch
23:26 Loom
25:03 Wheelbarrow
27:35 Hand Cart
31:49 Bow Saw
32:51 Heavy Plow
32:42 Gold Mining
32:43 Stone Mining
33:04 Stone Mining
37:40 Imperial Age
35:02 Fletching
35:12 Padded Archer Armor
35:37 Bodkin Arrow
36:40 Pikeman
37:21 Squires
37:06 Arson
38:22 Blast Furnace
37:41 Halberdier
37:47 Capped Ram
44:49 Bracer
45:04 Leather Archer Armor
45:52 Chemistry
45:16 Conscription
45:22 Scale Barding Armor
45:04 Man-at-Arms
45:31 Elite Battle Elephant
46:12 Husbandry
47:39 Ring Archer Armor
47:35 Ballistics
47:43 Long Swordsman
KaLong
10:38 Feudal Age
14:15 Castle Age
12:24 Double-Bit Axe
13:25 Horse Collar
14:39 Loom
15:19 Bow Saw
28:44 Wheelbarrow
28:11 Heavy Plow
31:45 Imperial Age
31:01 Hand Cart
32:01 Elite Janissary
34:10 Sipahi
33:57 Artillery
36:30 Elite Janissary
41:30 Padded Archer Armor
42:03 Scale Barding Armor
42:08 Forging
44:41 Iron Casting
44:26 Chain Barding Armor
45:16 Bloodlines
45:34 Leather Archer Armor
Xtreme | Rayden
10:32 Feudal Age
14:27 Castle Age
13:29 Double-Bit Axe
13:27 Horse Collar
20:24 Wheelbarrow
20:03 Bow Saw
20:25 Loom
20:29 Town Watch
22:28 Heavy Plow
24:01 Fletching
25:51 Forging
26:30 Scale Barding Armor
28:25 Chain Barding Armor
30:49 Imperial Age
29:11 Husbandry
29:22 Bloodlines
30:17 Iron Casting
29:36 Gold Mining
29:37 Stone Mining
30:07 Hand Cart
32:13 Plate Barding Armor
31:01 Heavy Camel Rider
34:06 Blast Furnace
38:21 Imperial Camel Rider
42:21 Light Cavalry
Vic
9:49 Feudal Age
14:19 Castle Age
13:01 Double-Bit Axe
12:59 Horse Collar
17:13 Champi Runner
18:05 Forging
19:57 Town Watch
20:33 Champi Warrior
23:54 Iron Casting
23:36 Arson
25:09 Scale Mail Armor
25:39 Squires
29:14 Bow Saw
30:03 Chain Mail Armor
30:23 Heavy Plow
32:10 Pikeman
34:51 Gold Mining
34:53 Stone Mining
38:15 Imperial Age
35:32 Loom
36:17 Fletching
37:04 Bodkin Arrow
37:10 Padded Archer Armor
37:33 Ballistics
38:13 Thumb Ring
37:28 Crossbowman
39:05 Leather Archer Armor
39:16 Conscription
38:33 Arbalester
39:29 Bracer
41:10 Chemistry
42:44 Ring Archer Armor
43:37 Elite Skirmisher
43:52 Capped Ram
45:09 Masonry
45:11 Siege Ram
46:00 Siege Engineers
46:19 Andean Sling
ImOneWithTheTree
10:34 Feudal Age
14:35 Castle Age
13:02 Double-Bit Axe
13:39 Horse Collar
16:53 Bow Saw
16:51 Heavy Plow
20:11 Wheelbarrow
20:37 Loom
22:27 Gold Mining
22:27 Stone Mining
23:57 Gold Shaft Mining
28:04 Imperial Age
26:43 Stone Shaft Mining
27:07 Town Watch
27:41 Hand Cart
27:39 Kshatriyas
28:18 Bloodlines
28:37 Husbandry
29:18 Conscription
29:30 Scale Barding Armor
29:38 Forging
29:01 Heavy Camel Rider
30:40 Chain Barding Armor
31:25 Frontier Guards
32:58 Iron Casting
33:01 Plate Barding Armor
34:54 Iron Casting
34:27 Light Cavalry
35:14 Hussar
47:32 Crop Rotation
Full power No shower
11:53 Feudal Age
13:20 Horse Collar
15:51 Castle Age
14:02 Double-Bit Axe
15:27 Stone Mining
16:48 Bow Saw
17:29 Heavy Plow
21:12 Gold Mining
23:15 Wheelbarrow
29:12 Imperial Age
26:59 Hand Cart
27:43 Scale Barding Armor
27:51 Loom
29:33 Chain Barding Armor
31:08 Aznauri Cavalry
31:26 Conscription
31:12 Svan Towers
31:00 Guard Tower
31:02 Fletching
31:51 Bodkin Arrow
32:34 Keep
32:35 Ballistics
33:14 Bracer
33:41 Treadmill Crane
34:13 Aznauri Cavalry
34:13 Husbandry
34:24 Bloodlines
34:33 Arrowslits
35:01 Masonry
34:46 Capped Ram
36:06 Guilds
38:43 Plate Barding Armor
38:47 Forging
38:28 Light Cavalry
38:29 Light Cavalry
41:51 Iron Casting
40:57 Hussar
ValkriaN
4:22 Double-Bit Axe
7:33 Horse Collar
11:21 Feudal Age
13:13 Bow Saw
15:28 Castle Age
14:11 Heavy Plow
18:17 Wheelbarrow
21:33 Two-Man Saw
20:36 Gold Mining
23:08 Loom
24:35 Gold Shaft Mining
23:52 Stone Mining
24:50 Hand Cart
24:54 Husbandry
32:00 Fortified Wall
37:09 Gold Shaft Mining
39:07 Imperial Age
37:16 Scale Barding Armor
37:21 Forging
37:59 Padded Archer Armor
39:08 Leather Archer Armor
39:34 Stone Shaft Mining
38:50 Cavalier
39:07 Cavalier
39:12 Elite Skirmisher
40:23 Ballistics
41:09 Chemistry
40:33 Fletching
41:35 Bodkin Arrow
42:32 Bracer
43:36 Treadmill Crane
44:11 Forging
44:22 Chain Barding Armor
43:24 Light Cavalry
43:25 Cavalier
44:29 Hussar
44:56 Paladin
48:24 Iron Casting
48:25 Plate Barding Armor
47:56 Town Watch
48:33 Conscription
48:23 Burgundian Vineyards
50:07 Crop Rotation
Connection lost

Rejoining the realm…

Still unreachable

The connection could not be restored.

Session expired

The server has moved on; the page needs a fresh start.